 Dungeon Crawl Stone Soup version 0.22-a0-441-gcf5b0c6 (webtiles) character file.

386 ketsa the Charmwright (level 6, -3/51 HPs)
             Began as a Gnoll Skald on May 30, 2018.
             Slain by Eustachio
             ... wielding a +3 falchion of electrocution
              (6 damage)
             ... on level 3 of the Dungeon.
             The game lasted 00:20:23 (4160 turns).

ketsa the Charmwright (Gnoll Skald)                 Turns: 4160, Time: 00:20:23

Health: -3/51      AC:  5    Str: 15    XL:     6   Next: 78%
Magic:  5/14       EV: 14    Int: 20    God:
Gold:   200        SH:  0    Dex: 15    Spells: 10/15 levels left

rFire    . . .     SeeInvis .   a - +0 spear
rCold    + . .     Gourm    .   (no shield)
rNeg     . . .     Faith    .   l - +2 leather armour {rC+}
rPois    .         Spirit   .   (no helmet)
rElec    .         Reflect  .   (no cloak)
rCorr    .         Harm     .   (no gloves)
MR       .....                  (no boots)
Stlth    ++........             (no amulet)
HPRegen  0.17/turn              (no ring)
MPRegen  0.14/turn              (no ring)

@: brilliant
A: distributed training, fangs 1, strong nose
a: no special abilities


You were on level 3 of the Dungeon.
You were hungry.

You visited 1 branch of the dungeon, and saw 4 of its levels.

You collected 200 gold pieces.

Inventory:

Hand Weapons
 a - a +0 spear (weapon)
 y - a +0 spear
Missiles
 h - 96 stones (quivered)
 j - 39 poisoned needles
 w - 16 bolts
Armour
 l - a +2 leather armour of cold resistance (worn)
 m - a +0 scale mail
Jewellery
 x - an uncursed amulet of magic regeneration {unknown}
Scrolls
 b - 2 scrolls of teleportation {unknown}
 e - 2 scrolls of noise {unknown}
 f - 5 scrolls of remove curse {unknown}
 g - 5 scrolls of identify {unknown}
 o - a scroll of fog {unknown}
 r - a scroll of enchant weapon {unknown}
 s - a scroll of enchant armour {unknown}
 t - 4 scrolls of immolation {unknown}
 u - a scroll of magic mapping {unknown}
 v - a scroll of fear {unknown}
Potions
 c - a potion of invisibility {unknown}
 i - a potion of resistance {unknown}
 k - a potion of lignification {unknown}
 n - a potion of curing {unknown}
 p - a potion of flight {unknown}
 q - a potion of brilliance
 z - a potion of mutation {unknown}
Comestibles
 d - 11 rations


   Skills:
 + Level 5.0 Fighting
 + Level 2.1 Short Blades
 + Level 2.1 Long Blades
 + Level 2.1 Axes
 + Level 2.1 Maces & Flails
 + Level 5.0 Polearms
 + Level 2.1 Staves
 + Level 2.1 Slings
 + Level 2.1 Bows
 + Level 2.1 Crossbows
 + Level 2.1 Throwing
 + Level 3.3 Armour
 + Level 5.0 Dodging
 + Level 2.1 Stealth
 + Level 2.1 Shields
 + Level 2.1 Unarmed Combat
 + Level 5.4 Spellcasting
 + Level 1.6 Conjurations
 + Level 1.6 Hexes
 + Level 5.7 Charms
 + Level 1.6 Summonings
 + Level 1.6 Necromancy
 + Level 1.6 Translocations
 + Level 1.6 Transmutations
 + Level 1.6 Fire Magic
 + Level 1.6 Ice Magic
 + Level 1.6 Air Magic
 + Level 1.6 Earth Magic
 + Level 1.6 Poison Magic
 + Level 2.3 Invocations
 + Level 2.1 Evocations


You had 10 spell levels left.
You knew the following spells:

 Your Spells              Type           Power        Failure   Level  Hunger
a - Infusion              Chrm           ####         1%          1    None
b - Song of Slaying       Chrm           #####...     1%          2    None
c - Shroud of Golubria    Chrm/Tloc      ####......   1%          2    None

Your spell library contained the following spells:

 Spells                   Type           Power        Failure   Level  Hunger
 Magic Dart               Conj           ###.         1%          1    None
 Iskenderun's Mystic Bla  Conj           ###.....     8%          4    ####...
 Regeneration             Chrm/Necr      ####......   1%          3    ##.....
 Fulminant Prism          Conj/Hex       ###.......   8%          4    ####...
 Dazzling Spray           Conj/Hex       ###...       2%          3    ##.....
 Force Lance              Conj/Tloc      ###.....     8%          4    ####...
 Spectral Weapon          Hex/Chrm       ####....     1%          3    ##.....
 Searing Ray              Conj           ###...       1%          2    None


Dungeon Overview and Level Annotations

Branches:
Dungeon (4/15)
 Temple: D:4-7

Altars:
Ashenzari
Dithmenos
Elyvilon
Nemelex Xobeh
Wu Jian

Annotations:
D:3 Eustachio


Innate Abilities, Weirdness & Mutations

Your experience applies equally to all skills.
You have very sharp teeth.
Your uncanny sense of smell can sniff out nearby items.


Message History

Eustachio is heavily wounded.
Your shroud unravels.
Eustachio hits you with a falchion of electrocution.
You are electrocuted!
* * * LOW HITPOINT WARNING * * *
The iron imp hits you but does no damage.
The rat bites you but does no damage. Eustachio closely misses you.
The iron imp hits you!
* * * LOW HITPOINT WARNING * * *
You climb upwards.
The white imp disappears in a puff of smoke!
The quasit disappears in a puff of smoke!
The iron imp disappears in a puff of smoke!
The rat disappears in a puff of smoke!
There is a stone staircase leading down here.
It was a potion of brilliance.
You feel clever all of a sudden.
Eustachio yells, "Perjured traitor, DIE!"
Eustachio hits you with a falchion of electrocution.
You die...

..#.#
#.(.......#...........
....#
#.........#...........
.####
#.........#...........
##
#.........#...........
#
#.........##....≈.≈.≈.
#...(.....##.≈..≈..≈..
#.........##..≈≈≈≈≈≈≈≈
#.........##≈≈≈≈≈≈≈≈≈≈
#...@@....'..≈≈≈≈≈≈≈≈≈
#.........##.≈≈≈≈≈..≈≈
############..≈≈≈._≈≈≈
#≈.≈≈≈.♣.≈≈
#≈≈≈≈≈≈≈≈≈≈
#..≈≈≈≈≈≈≈≈
#≈≈≈≈≈≈≈≈≈≈
#≈≈≈.≈≈≈..≈
#..≈..≈...≈


You could see Eustachio.

Vanquished Creatures
  An ogre (D:3)
  A howler monkey (D:4)
  2 orc priests (D:4)
  An orc wizard (D:3)
  A hound skeleton (D:3)
  3 gnolls (D:4)
  4 adders
  An ooze (D:2)
  A worm (D:3)
  3 leopard geckos
  10 orcs
  A ball python (D:4)
  14 giant cockroaches
  5 goblins
  7 hobgoblins
  6 jackals (D:2)
  3 quokkas
  8 bats
  A frilled lizard (D:1)
  7 kobolds
  A leopard gecko zombie (D:4)
  8 rats
89 creatures vanquished.

Vanquished Creatures (others)
  A quokka (D:4)
1 creature vanquished.

Grand Total: 90 creatures vanquished

Notes
Turn   | Place    | Note
-------+----------+-------------------------------------------
     0 | D:1      | ketsa the Gnoll Skald began the quest for the Orb.
     0 | D:1      | Reached XP level 1. HP: 20/20 MP: 6/6
   232 | D:1      | Reached XP level 2. HP: 26/26 MP: 2/7
   707 | D:1      | Learned a level 2 spell: Song of Slaying
   839 | D:2      | Found a shadowy altar of Dithmenos.
   951 | D:2      | Reached XP level 3. HP: 22/31 MP: 3/9
   953 | D:2      | Reached skill level 5 in Spellcasting
  1154 | D:2      | Reached skill level 1 in Invocations
  1407 | D:2      | Reached skill level 1 in Short Blades
  1407 | D:2      | Reached skill level 1 in Long Blades
  1407 | D:2      | Reached skill level 1 in Axes
  1407 | D:2      | Reached skill level 1 in Maces & Flails
  1407 | D:2      | Reached skill level 1 in Staves
  1407 | D:2      | Reached skill level 1 in Slings
  1407 | D:2      | Reached skill level 1 in Bows
  1407 | D:2      | Reached skill level 1 in Crossbows
  1407 | D:2      | Reached skill level 1 in Throwing
  1407 | D:2      | Reached skill level 1 in Stealth
  1407 | D:2      | Reached skill level 1 in Shields
  1407 | D:2      | Reached skill level 1 in Unarmed Combat
  1407 | D:2      | Reached skill level 1 in Evocations
  1484 | D:2      | Reached XP level 4. HP: 38/38 MP: 11/11
  2042 | D:3      | Reached skill level 1 in Conjurations
  2042 | D:3      | Reached skill level 1 in Hexes
  2042 | D:3      | Reached skill level 1 in Summonings
  2042 | D:3      | Reached skill level 1 in Necromancy
  2042 | D:3      | Reached skill level 1 in Translocations
  2042 | D:3      | Reached skill level 1 in Transmutations
  2042 | D:3      | Reached skill level 1 in Fire Magic
  2042 | D:3      | Reached skill level 1 in Ice Magic
  2042 | D:3      | Reached skill level 1 in Air Magic
  2042 | D:3      | Reached skill level 1 in Earth Magic
  2042 | D:3      | Reached skill level 1 in Poison Magic
  2084 | D:3      | Reached XP level 5. HP: 39/43 MP: 12/12
  2359 | D:3      | Learned a level 2 spell: Shroud of Golubria
  2365 | D:3      | Found a faded altar of an unknown god.
  2598 | D:4      | Noticed an ogre
  2617 | D:3      | Killed an ogre
  2617 | D:3      | Reached XP level 6. HP: 24/50 MP: 13/13
  2866 | D:4      | Found an ornate altar of the Wu Jian Council.
  2872 | D:4      | Found a sparkling altar of Nemelex Xobeh.
  2877 | D:4      | Found a shattered altar of Ashenzari.
  3387 | D:4      | Reached skill level 5 in Fighting
  3387 | D:4      | Reached skill level 5 in Polearms
  3387 | D:4      | Reached skill level 5 in Dodging
  3847 | D:4      | Found a white marble altar of Elyvilon.
  4042 | D:4      | Noticed Eustachio
  4158 | D:4      | HP: 2/51 [iron imp[Eustachio] (8)]
  4160 | D:3      | Slain by Eustachio

Vault maps used:
D:1:      roderic_crop_circles_arrival_small
D:2:      grunt_dithmenos_smoke_and_mirrors
D:3:      minmay_roachtagon, chequers_ecumenical_altar_island
D:4:      elyvilon_altar_4, minmay_overflow_temple_star_quad, serial_curves,
          eino_curves_02, eino_curves_01, first_ration, uniq_eustachio

Skill      XL: |  1  2  3  4  5  6 |
---------------+-------------------+-----
Spellcasting   | 5 |  5.4
Invocations    | 1 2 |  2.3
Short Blades   | 1 2 |  2.1
Long Blades    | 1 2 |  2.1
Axes           | 1 2 |  2.1
Maces & Flails | 1 2 |  2.1
Staves         | 1 2 |  2.1
Slings         | 1 2 |  2.1
Bows           | 1 2 |  2.1
Crossbows      | 1 2 |  2.1
Throwing       | 1 2 |  2.1
Stealth        | 1 2 |  2.1
Shields        | 1 2 |  2.1
Unarmed Combat | 1 2 |  2.1
Evocations     | 1 2 |  2.1
Conjurations   | 1 |  1.6
Hexes          | 1 |  1.6
Summonings     | 1 |  1.6
Necromancy     | 1 |  1.6
Translocations | 1 |  1.6
Transmutations | 1 |  1.6
Fire Magic     | 1 |  1.6
Ice Magic      | 1 |  1.6
Air Magic      | 1 |  1.6
Earth Magic    | 1 |  1.6
Poison Magic   | 1 |  1.6
Armour         | 3 |  3.3
Fighting       | 5 |  5.0
Polearms       | 5 |  5.0
Dodging        | 5 |  5.0
Charms         | |  5.7

Action                   |  1- 3 |  4- 6 || total
-------------------------+-------+-------++-------
Melee: Spear             |   111 |   266 ||   377
       Bite              |     7 |    19 ||    26
       Punch             |       |     3 ||     3
Throw: Stone             |       |     3 ||     3
 Cast: Infusion          |     6 |     3 ||     9
       Song of Slaying   |     1 |     4 ||     5
       Shroud of Golubri |       |     3 ||     3
  Use: Potion            |       |     1 ||     1
 Stab: Sleeping          |     2 |     1 ||     3
       Distracted        |       |     1 ||     1
  Eat: Chunk             |     2 |     8 ||    10
Armor: Leather armour    |    24 |    44 ||    68
Dodge: Dodged            |    92 |   151 ||   243

Table legend:
 A = Spawn XP
 B = Non-spawn XP
 C = Spawn XP percentage of total XP
 D = Spawn monster count
 E = Non-spawn monster count
 F = Spawn count percentage of total count
 G = Total turns spent on level
                    A         B        C        D         E        F      G
               +---------+---------+-------+---------+---------+-------+---------
         Total |       0 |     552 |   0.0 |       0 |      89 |   0.0 |  4160
               +---------+---------+-------+---------+---------+-------+---------
           D:1 |       0 |      17 |   0.0 |       0 |      13 |   0.0 |   708
           D:2 |       0 |      69 |   0.0 |       0 |      27 |   0.0 |   936
           D:3 |       0 |     257 |   0.0 |       0 |      34 |   0.0 |  1434
           D:4 |       0 |     209 |   0.0 |       0 |      15 |   0.0 |  1082
               +---------+---------+-------+---------+---------+-------+---------
